 Dungeon Crawl Stone Soup version 0.30-a0-862-g1aabd4f9c5 (webtiles) character file.

Game seed: 14577220799654134022

3472 ragingrage the Slicer (level 9, -8/68 HPs)
             Began as a Demonspawn Delver on Mar 9, 2023.
             Was an Elder of Fedhas.
             Mangled by an entropy weaver (shapeshifter) (10 damage)
             ... on level 9 of the Dungeon.
             The game lasted 00:09:03 (8658 turns).

ragingrage the Slicer (Demonspawn Delver)           Turns: 8658, Time: 00:09:04

Health: -8/68      AC:  7    Str: 13    XL:     9   Next: 79%
Magic:  13/13      EV: 13    Int:  9    God:    Fedhas [****..]
Gold:   49         SH:  4    Dex: 16    Spells: 2/8 levels left

rFire   + . .      SeeInvis +    a - +8 dagger "Jeujady" {heavy, rElec rPois Int-5}
rCold   . . .      Faith    .    (no shield)
rNeg    . . .      Spirit   .    j - +1 leather armour {rF+}
rPois   +          Reflect  .    (no helmet)
rElec   +          Rampage  .    A - +1 cloak
rCorr   .                        w - +0 pair of gloves
Will    .....                    (no boots)
Stlth   +++                      (no amulet)
HPRegen 0.31/turn                y - ring of see invisible
MPRegen 0.13/turn                H - +4 ring of slaying

@: no status effects
A: large bone plates 1, powered by pain 2, weakness stinger 2
a: Renounce Religion, Wall of Briars, Grow Ballistomycete, Overgrow


You were on level 9 of the Dungeon.
You worshipped Fedhas.
Fedhas was greatly pleased with you.
You visited 1 branch of the dungeon, and saw 9 of its levels.
You also visited: Ossuary.

You collected 479 gold pieces.
You spent 430 gold pieces at shops.

Inventory:

Hand Weapons
 a - the +8 dagger "Jeujady" (weapon) {heavy, rElec rPois Int-5}
   (You found it on level 2 of the Dungeon)

   Int:       It affects your intelligence (-5).
   rElec:     It insulates you from electricity.
   rPois:     It protects you from poison.
 b - the +1 sling of Execution {speed, Fly}
   (You bought it in a shop on level 3 of the Dungeon)

   Fly:       It grants you flight.
 E - a +0 rapier
 M - a +2 scimitar
 P - a +0 great sword
Missiles
 l - 4 curare-tipped darts
 o - 3 poisoned darts (quivered)
Armour
 j - a +1 leather armour of fire resistance (worn)
 w - a +0 pair of gloves (worn)
 A - a +1 cloak (worn)
 O - a +1 robe of cold resistance
Jewellery
 n - a ring of positive energy
 y - a ring of see invisible (left hand)
 C - a ring of protection from fire
 F - a ring of poison resistance
 H - a +4 ring of slaying (right hand)
 N - a ring of fire
Wands
 g - a wand of digging (7)
 B - a wand of mindburst (25)
 K - a wand of quicksilver (8)
Scrolls
 c - 2 scrolls of fog
 d - 3 scrolls of magic mapping
 e - 2 scrolls of fear
 h - 2 scrolls of butterflies {unknown}
 q - a scroll of amnesia {unknown}
 r - a scroll of enchant weapon {unknown}
 u - a scroll of acquirement {unknown}
 v - a scroll of enchant armour {unknown}
 x - 2 scrolls of torment
 D - 2 scrolls of vulnerability {unknown}
 G - a scroll of blinking {unknown}
 J - a scroll of poison {unknown}
 S - 3 scrolls of teleportation
Potions
 f - a potion of haste
 i - a potion of brilliance
 k - 2 potions of heal wounds
 m - 5 potions of curing
 p - 2 potions of flight
 s - 3 potions of lignification {unknown}
 t - 3 potions of attraction
 z - 2 potions of might
 I - 3 potions of resistance
 L - a potion of magic {unknown}
 Q - a potion of degeneration {unknown}
 R - a potion of berserk rage {unknown}


   Skills:
 - Level 5.0 Fighting
 - Level 9.8(10.0) Short Blades
 - Level 2.0(6.5) Long Blades
 + Level 4.6 Dodging
 - Level 4.5 Stealth
 + Level 3.3 Translocations
 + Level 6.2 Invocations


You had 2 spell levels left.
You knew the following spells:

 Your Spells              Type           Power      Damage    Failure   Level
a - Blink                 Tloc           12%        N/A       21%         2
b - Manifold Assault      Tloc           6%         N/A       78%         4

Your spell library contained the following spells:

 Spells                   Type           Power      Damage    Failure   Level
 Kiss of Death            Conj/Necr      0%         2d5       45%         1
 Kindle Blastsparks       Fire/Tloc/Air  4%         2d10      69%         3
 Confusing Touch          Hex            0%         N/A       83%         3
 Iskenderun's Mystic Bla  Conj/Tloc      3%         2d3       95%         4
 Dispel Undead            Necr           0%         3d6       99%         4
 Fulminant Prism          Conj/Hex       0%         3d5       99%         4
 Lee's Rapid Deconstruct  Erth           0%         3d4*      100%        5
 Storm Form               Tmut/Air       0%         N/A       100%        7


Dungeon Overview and Level Annotations

Branches:
Dungeon (9/15)             Temple (0/1) D:5         Ossuary (visited)
   Lair: D:8-11         Orc: D:9-12

Altars:
Fedhas
Makhleb
Nemelex Xobeh
Ru
Sif Muna
Trog
Vehumet

Shops:
D:3 *(*

Annotations:
D:5 exclusion: downstairs
D:7 exclusion: steam dragon


Innate Abilities, Weirdness & Mutations

You are partially covered in large bone plates. (SH +4)
You sometimes gain power by taking damage.
You have a tail ending in a sharp stinger.


Message History

The curare-tipped dart hits the entropy weaver.
The entropy weaver is poisoned.
The entropy weaver convulses.
The entropy weaver seems to slow down.
The entropy weaver hits you. The entropy weaver misses you. x2
The entropy weaver barely misses you.
Okay, then.
You puncture the entropy weaver! You tail-slap the entropy weaver.
The entropy weaver hits you!
The entropy weaver hits you but does no damage.
The entropy weaver hits you!
The entropy weaver hits you but does no damage.
Aiming: Quicksilver Bolt
Aim: an entropy weaver shaped shifter (moderately wounded, very poisoned, slow, 60% to hit)
The bolt of dispelling energy hits the entropy weaver!
The entropy weaver's magical effects unravel!
The entropy weaver hits you but does no damage.
The entropy weaver hits you. You block the entropy weaver's attack.
The entropy weaver hits you!
Aiming: Quicksilver Bolt
Aim: an entropy weaver shaped shifter (heavily wounded, very poisoned, 60% to hit)
The bolt of dispelling energy hits the entropy weaver!
You block the entropy weaver's attack.
The entropy weaver hits you but does no damage.
You block the entropy weaver's attack. The entropy weaver barely misses you.
Aiming: Quicksilver Bolt
Aim: an entropy weaver shaped shifter (severely wounded, very poisoned, 60% to hit)
The bolt of dispelling energy hits the entropy weaver!
The entropy weaver hits you!
* * * LOW HITPOINT WARNING * * *
The entropy weaver hits you.
* * * LOW HITPOINT WARNING * * *
The entropy weaver barely misses you. You block the entropy weaver's attack.
Aiming: Quicksilver Bolt
Aim: an entropy weaver shaped shifter (almost dead, very poisoned, 60% to hit)
The bolt of dispelling energy misses the entropy weaver.
The entropy weaver barely misses you. The entropy weaver hits you!
* * * LOW HITPOINT WARNING * * *
The entropy weaver hits you!
You die...
Fedhas appreciates your contribution to the ecosystem.

#####################
................@B..#
...####..######.###.....
...# #..# #.# .♣. ...#
#..# #.# ...# #..# #.#
...# #..# #.# .<.# #..#
#.# ...# #..# #.# ...#
#.#


You could see an entropy weaver shaped shifter (poisoned).

Vanquished Creatures
  A cyclops (D:7)
  Joseph (D:7)
  A yak (D:8)
  A wraith (D:7)
  A vampire mosquito (D:7)
  An ice beast (D:5)
  2 black bears
  2 ogres
  A centaur (D:6)
  2 bullfrogs (D:8)
  5 scorpions
  14 wights
  A howler monkey (D:7)
  4 human zombies (Ossuary)
  2 centaur zombies (Ossuary)
  3 hounds
  An orc priest (D:5)
  Ijyb (D:3)
  2 iguanas
  2 hound zombies (Ossuary)
  3 mummies (Ossuary)
  3 gnolls
  8 adders
  3 shadow imps
  A white imp (D:6)
  A worm (D:2)
  3 dart slugs
  7 orcs
  6 endoplasms
  4 giant cockroaches
  2 gnoll zombies (Ossuary)
  5 goblins
  6 hobgoblins
  8 jackals
  A quokka (D:1)
  6 ball pythons
  6 bats
  A frilled lizard (D:2)
  7 goblin zombies (Ossuary)
  6 hobgoblin zombies (Ossuary)
  4 jackal zombies (Ossuary)
  3 kobolds (D:1)
  2 kobold zombies (Ossuary)
  5 quokka zombies (Ossuary)
  4 rats
  2 rat zombies (Ossuary)
155 creatures vanquished.

Vanquished Creatures (others)
  4 fungi (D:8)
  2 plants (D:8)
6 creatures vanquished.

Grand Total: 161 creatures vanquished

Notes
Turn   | Place    | Note
-------+----------+-------------------------------------------
     0 | D:5      | ragingrage the Demonspawn Delver began the quest for the
                  | Orb.
     0 | D:5      | Reached XP level 1. HP: 18/18 MP: 1/1
    86 | D:3      | Found a burning altar of Makhleb.
    98 | D:3      | Found a bloodstained altar of Trog.
   102 | D:3      | Found a shimmering blue altar of Sif Muna.
   102 | D:3      | Found a sacrificial altar of Ru.
   124 | D:3      | Became a worshipper of Ru the Awakened
   128 | D:3      | Found Gaefic's Assorted Antiques.
   140 | D:3      | Bought an inky potion for 27 gold pieces
   144 | D:3      | Noticed Ijyb
   202 | D:2      | Identified the +8 dagger "Jeujady" {heavy, rElec rPois
                  | Int-5}
   274 | D:2      | Reached skill level 1 in Short Blades
   274 | D:2      | Gained mutation: You have a small tail. [demonic ancestry]
   274 | D:2      | Reached XP level 2. HP: 23/24 MP: 2/2
   331 | D:2      | Reached skill level 2 in Short Blades
   379 | D:2      | Reached XP level 3. HP: 29/29 MP: 3/3
   813 | D:1      | Reached skill level 3 in Short Blades
  1497 | D:2      | Gained mutation: You sometimes gain a little power by
                  | taking damage. [demonic ancestry]
  1497 | D:2      | Reached XP level 4. HP: 35/35 MP: 4/4
  1610 | D:2      | Found a faded altar of an unknown god.
  1620 | D:2      | Fell from the grace of Ru
  1621 | D:2      | Prayed at the altar of an unknown god.
  1621 | D:2      | Became a worshipper of Fedhas Madash
  1621 | D:2      | Reached * piety under Fedhas
  1696 | D:3      | Found a blossoming altar of Fedhas.
  1705 | D:3      | Noticed a scorpion
  1711 | D:3      | Killed a scorpion
  1712 | D:3      | Reached skill level 4 in Short Blades
  1712 | D:3      | Gained mutation: You sometimes gain power by taking damage.
                  | [demonic ancestry]
  1712 | D:3      | Reached XP level 5. HP: 17/41 MP: 5/5
  1866 | D:3      | Found Jieleagh's Antique Weapon Shoppe.
  2856 | D:5      | Reached skill level 5 in Short Blades
  2871 | D:5      | Noticed an ogre
  2877 | D:5      | Killed an ogre
  2878 | D:5      | Reached XP level 6. HP: 47/47 MP: 6/6
  2980 | D:5      | Found a staircase to the Ecumenical Temple.
  3018 | D:5      | Noticed an ice beast
  3024 | D:5      | Killed an ice beast
  3025 | D:5      | Reached skill level 6 in Short Blades
  3059 | D:5      | Learned a level 2 spell: Blink
  3447 | D:5      | Gained mutation: You have a tail ending in a sharp stinger.
                  | [demonic ancestry]
  3447 | D:5      | Reached XP level 7. HP: 50/52 MP: 7/7
  3492 | D:5      | Reached ** piety under Fedhas
  3988 | D:6      | Reached skill level 7 in Short Blades
  4557 | D:6      | Reached skill level 8 in Short Blades
  5326 | D:5      | Found a staircase to the Ecumenical Temple.
  5552 | D:5      | Reached XP level 8. HP: 35/51 MP: 8/8
  6065 | D:5      | Reached skill level 9 in Short Blades
  6230 | D:3      | Bought a runed leather armour for 150 gold pieces
  6241 | D:3      | Bought a scroll labelled REOBRAOMUZ for 30 gold pieces
  6241 | D:3      | Bought a scroll labelled REOBRAOMUZ for 30 gold pieces
  6241 | D:3      | Bought a scroll labelled TONUAJ HOIMO for 30 gold pieces
  6436 | D:3      | Killed Ijyb
  6511 | D:3      | Found Mophosk's Assorted Antiques.
  6521 | D:3      | Bought a silvery potion for 27 gold pieces
  7127 | D:7      | Found a sparkling altar of Nemelex Xobeh.
  7199 | D:7      | Reached skill level 1 in Invocations
  7269 | D:7      | Noticed Joseph
  7273 | D:7      | Killed Joseph
  7274 | D:7      | Gained mutation: You are partially covered in large bone
                  | plates. (SH +4) [demonic ancestry]
  7274 | D:7      | Reached XP level 9. HP: 65/65 MP: 9/11
  7281 | D:7      | Learned a level 4 spell: Manifold Assault
  7297 | D:7      | Found a radiant altar of Vehumet.
  7465 | D:7      | Noticed a cyclops
  7479 | D:7      | Killed a cyclops
  7480 | D:7      | Reached skill level 1 in Translocations
  7874 | D:8      | Reached skill level 5 in Fighting
  7874 | D:8      | Reached skill level 5 in Invocations
  7917 | D:8      | Found a sand-covered staircase.
  7920 | D:8      | Reached *** piety under Fedhas
  8009 | Ossuary  | Entered an ossuary
  8279 | Ossuary  | Reached **** piety under Fedhas
  8441 | D:3      | Bought a translucent sling for 136 gold pieces
  8441 | D:3      | Identified the +1 sling of Execution {speed, Fly} (You
                  | bought it in a shop on level 3 of the Dungeon)
  8650 | D:9      | a culicivora changed into an entropy weaver
  8650 | D:9      | Noticed an entropy weaver (shapeshifter)
  8658 | D:9      | HP: 2/68 [entropy weaver (shapeshifter) (9)]
  8658 | D:9      | Mangled by an entropy weaver (shapeshifter)

Illustrated notes

Levels and vault maps discovered:
D:1:      lightli_arrival_isolated_outpost, layout_basic
D:2:      layout_loops_ring, chequers_ecumenical_altar_grove,
          kennysheep_generic_room_16
D:3:      layout_rooms, nicolae_overflow_crystal_walls,
          grunt_temple_overflow_open, serial_shops, nicolae_lakefront_shop,
          nicolae_shop_overgrown_old_shop, shop, uniq_ijyb
D:4:      layout_basic
D:5:      layout_layer_cave, minmay_temple_entry_junction_2, nrook_pool_corridor
D:6:      layout_loops_corners
D:7:      layout_gridville, nicolae_vehumet_altar_sigil,
          mainiacjoe_overflow_24_doors, kb_rosetta, uniq_joseph
D:8:      layout_layer_cave, grunt_lair_entry_orc_guard_hut, enter_ossuary_5,
          nicolae_shop_vocational
D:9:      layout_long_grid, okawaru_gym_becter, nzn_wu_jian_contemplation,
          grunt_gozag_statues, gammafunk_ghost_hydra_chop, minmay_hedge_maze,
          hangedman_feature_mirror, minmay_joined_circles

Skill      XL: |  1  2  3  4  5  6  7  8  9 |
---------------+----------------------------+-----
Long Blades    | 2 |  2.0
Short Blades   | 1 2 3 4 5 6 8 9 |  9.8
Dodging        | 2 4 |  4.6
Invocations    | 3 6 |  6.2
Fighting       | 4 5 |  5.0
Translocations | 3 |  3.3
Stealth        | |  4.5

Action                     |  1- 3 |  4- 6 |  7- 9 || total
---------------------------+-------+-------+-------++-------
  Melee: Dagger            |    52 |    50 |   225 ||   327
         Falchion          |     4 |       |       ||     4
         Tailslap          |     4 |     5 |    37 ||    46
         Punch             |       |     3 |     4 ||     7
   Fire: Sling             |       |       |     2 ||     2
  Throw: Dart              |       |     1 |     5 ||     6
 Invoke: Reject Sacrifices |     1 |       |       ||     1
         Renounce Religion |       |     1 |       ||     1
  Evoke: Wand              |       |       |     4 ||     4
    Use: Scroll            |       |       |     9 ||     9
         Potion            |       |       |     2 ||     2
   Stab: Sleeping          |     9 |     3 |     8 ||    20
 Armour: Leather armour    |    17 |    10 |    44 ||    71
  Dodge: Dodged            |    27 |    25 |    97 ||   149
  Block: Other             |       |       |    23 ||    23

Table legend: (Time is in decaauts)
 A = Elapsed time spent in this place.
 B = Non-inter-level travel time spent in this place.
 C = Inter-level travel time spent in this place.
 D = Time resting spent in this place.
 E = Time spent auto-exploring this place.
 F = Levels seen in this place.
 G = Mean time per level.
                   A        B        C        D        E       F      G
               +--------+--------+--------+--------+--------+-----+--------+
         Total |   8629 |   7794 |    835 |   1088 |   5345 |  10 |  862.9 |
       Dungeon |   8357 |   7522 |    835 |   1088 |   5205 |   9 |  928.6 |
       Ossuary |    272 |    272 |      0 |      0 |    140 |   1 |  272.0 |
               +--------+--------+--------+--------+--------+-----+--------+

Top non-repeatable levels by time:
     D:5: 2037 daAuts
     D:6: 1687 daAuts
     D:2: 1089 daAuts
     D:4: 965 daAuts
     D:7: 908 daAuts
     D:3: 718 daAuts
     D:1: 648 daAuts
 Ossuary: 272 daAuts
     D:8: 261 daAuts
     D:9: 40 daAuts
